Map: Ascension to Aiur LE

Players

Serral

  • Race: Zerg Zerg
  • Spawn Location: 11:00

TRUE - Winner!

  • Race: Zerg Zerg
  • Spawn Location: 5:00

Event: WCS Valencia 2017

VOD

Have the link to the VOD?

Description

Time

  • Played on: July 15, 2017, 5:55 a.m.
  • Length: 18:13

All games in this series

Show
View Real Time Build Order
Export as new Build Order

Serral Zerg 

Build Orders: Hatch First, Zergling Baneling 

Get SALT Encoding   

  12  0:00  Drone  
  13  0:15  Overlord  
  13  0:20  Drone  
  14  0:34  Drone x2  
  16  0:38  Drone  
  17  0:54  Hatchery  
  17  0:57  Drone  
  17  1:00  Drone  
  18  1:11  Extractor  
  17  1:15  Spawning Pool  
  17  1:18  Drone  
  17  1:21  Drone  
  18  1:31  Drone  
  19  1:41  Overlord  
  19  2:02  Queen, Zergling x2  
  19  2:03  Zergling x2  
  19  2:05  Queen  
  19  2:06  Zergling x2  
  26  2:13  Metabolic Boost  
  26  2:14  Drone  
  27  2:18  Drone  
  28  2:27  Drone  
  28  2:28  Drone  
  30  2:31  Baneling Nest  
  30  2:35  Drone  
  30  2:39  Drone  
  31  2:51  Hatchery  
  30  2:54  Drone  
  31  2:58  Overlord  
  31  3:01  Drone  
  32  3:11  Zergling x2  
  32  3:12  Drone x3  
  35  3:17  Baneling x2  
  35  3:18  Zergling x4  
  37  3:26  Overlord  
  37  3:29  Zergling x4  
  37  3:30  Zergling x2  
  39  3:34  Drone  
  39  3:38  Queen  
  39  3:40  Drone  
  43  3:46  Drone x3  
  46  3:51  Overlord  
  46  3:53  Drone  
  47  3:59  Evolution Chamber, Overlord  
  47  4:01  Zergling x2  
  47  4:04  Zergling x4  
  47  4:07  Zergling x2  
  50  4:14  Drone x3  
  50  4:17  Baneling  
  53  4:24  Overlord  
  51  4:26  Drone x2  
  51  4:30  Drone x2  
  54  4:34  Zerg Missile Weapons Level 1  
  54  4:36  Overlord  
  53  4:40  Zergling x2  
  53  4:41  Zergling x10  
  57  4:49  Zergling x2  
  57  4:50  Zergling x2  
  53  4:56  Baneling  
  53  4:59  Baneling x4  
  53  5:02  Zergling x8  
  57  5:08  Overlord  
  57  5:09  Drone x3  
  60  5:19  Zergling x6  
  60  5:20  Zergling x6  
  62  5:26  Zergling x2  
  62  5:27  Zergling x12  
  63  5:32  Queen  
  54  5:38  Drone  
  54  5:39  Drone  
  45  5:43  Baneling  
  45  5:47  Drone  
  46  5:50  Drone  
  46  5:54  Baneling x2  
  46  5:55  Baneling x2  
  47  6:05  Zergling x2  
  47  6:06  Zergling x10  
  53  6:17  Zergling x8  
  55  6:23  Baneling  
  54  6:27  Queen  
  54  6:29  Drone x2  
  54  6:31  Drone  
  59  6:34  Overlord  
  59  6:39  Drone x2  
  62  6:40  Drone  
  62  6:43  Drone  
  62  6:45  Drone  
  62  6:47  Drone  
  62  6:50  Drone x2  
  62  6:52  Drone  
  66  6:58  Overlord  
  64  7:02  Drone x2  
  63  7:09  Queen x2  
  63  7:13  Queen  
  69  7:16  Baneling x2  
  69  7:19  Drone x2  
  71  7:29  Drone x3  
  73  7:33  Drone x2  
  73  7:38  Baneling, Drone x2  
  73  7:39  Baneling  
  73  7:43  Zergling x2  
  79  7:44  Zergling x12  
  79  7:50  Drone  
  79  7:51  Queen x2  
  84  7:56  Extractor  
  84  7:57  Roach Warren, Extractor  
  83  7:58  Spore Crawler  
  83  7:59  Spore Crawler  
  81  8:06  Spore Crawler  
  81  8:11  Overlord  
  80  8:13  Drone x7  
  80  8:15  Spore Crawler  
  86  8:24  Zergling x16  
  86  8:29  Overlord  
  86  8:31  Baneling x4  
  85  8:38  Queen  
  85  8:39  Drone  
  85  8:40  Drone  
  88  8:44  Drone x2  
  90  8:50  Queen  
  90  8:52  Lair  
  90  8:54  Drone x2  
  92  8:56  Baneling x3  
  92  8:58  Drone, Overlord  
  92  8:59  Drone  
  93  9:06  Overlord  
  93  9:08  Extractor  
  92  9:13  Overlord  
  92  9:14  Drone  
  92  9:16  Queen  
  95  9:21  Extractor  
  95  9:22  Extractor  
  93  9:27  Queen  
  93  9:29  Drone x5  
  99  9:34  Drone  
  97  9:39  Drone x2  
  99  9:46  Roach  
  99  9:47  Roach x5  
  110  9:54  Infestation Pit, Roach x3  
  110  9:58  Roach x2  
  110  9:59  Roach  
  119  10:02  Roach x2  
  119  10:12  Overlord  
  112  10:16  Drone x3  
  112  10:19  Tunneling Claws  
  112  10:20  Burrow  
  112  10:23  Queen  
  112  10:27  Overlord x3  
  113  10:30  Overseer  
  113  10:31  Overlord  
  112  10:38  Roach  
  112  10:39  Roach x7  
  128  10:45  Overlord  
  128  10:47  Infestor x2  
  128  10:49  Infestor  
  132  10:54  Infestor x2  
  130  11:06  Queen  
  130  11:10  Zerg Missile Weapons Level 2  
  132  11:11  Hydralisk Den  
  132  11:14  Roach  
  133  11:23  Pneumatized Carapace  
  133  11:25  Drone  
  134  11:30  Queen  
  131  11:36  Hatchery  
  131  11:37  Infestor  
  131  11:38  Glial Reconstitution  
  128  11:40  Drone x2  
  128  11:42  Drone x2  
  128  11:43  Drone x2  
  128  11:45  Drone x2  
  130  11:48  Drone x3  
  130  11:51  Drone  
  121  11:54  Drone x6  
  121  11:55  Drone x2  
  121  12:00  Infestor x3  
  122  12:03  Drone  
  122  12:04  Drone x2  
  122  12:13  Roach x2  
  126  12:17  Roach x4  
  126  12:21  Roach  
  130  12:24  Roach x3  
  130  12:42  Muscular Augments  
  130  12:46  Roach  
  130  12:49  Roach x2  
  130  12:50  Roach x4  
  126  12:55  Roach x9, Overlord  
  126  12:56  Overlord x2  
  134  12:58  Roach x5  
  134  13:01  Overlord  
  134  13:02  Roach x3  
  134  13:03  Overlord  
  134  13:05  Roach x3  
  130  13:08  Overlord  
  122  13:26  Roach x2  
  122  13:27  Roach  
  122  13:31  Drone x3  
  122  13:32  Drone  
  126  13:35  Hydralisk x4  
  134  13:42  Hatchery  
  134  13:46  Infestor x2  
  137  13:51  Drone x2  
  137  13:54  Roach  
  137  13:55  Roach x2  
  131  13:56  Hive  
  131  13:59  Roach x3  
  131  14:04  Hydralisk x2  
  131  14:05  Roach  
  137  14:17  Zerg Ground Armor Level 1  
  137  14:20  Unknown x2  
  137  14:23  Roach x3  
  137  14:28  Infestor x2  
  137  14:31  Hydralisk x4  
  143  14:38  Drone x5  
  139  14:54  Roach  
  139  14:55  Roach x6  
  139  14:56  Roach  
  143  15:00  Roach x6  
  143  15:02  Roach  
  135  15:10  Roach x2  
  139  15:14  Roach x2  
  139  15:28  Roach x5  
  145  15:36  Hydralisk x2  
  145  15:41  Roach x2  
  145  15:55  Hydralisk x4  
  145  15:56  Hydralisk  
  146  16:11  Hydralisk  
  146  16:12  Hydralisk x2  
  146  16:16  Overlord  
  152  16:19  Unknown x4  
  140  16:33  Overlord x3  
  127  16:41  Drone x4  
  122  16:48  Unknown x5  
  122  16:58  Roach x3  
  128  17:05  Roach  
  128  17:13  Unknown x7  
  124  17:18  Roach x2  
Show
View Real Time Build Order
Export as new Build Order

TRUE Zerg - Winner!

Build Orders: Hatch First, Zergling Baneling 

Get SALT Encoding   

  12  0:00  Drone  
  13  0:12  Overlord  
  13  0:16  Drone  
  14  0:31  Drone x2  
  14  0:34  Drone  
  17  0:52  Hatchery  
  17  0:55  Drone  
  17  0:58  Drone  
  18  1:05  Extractor  
  17  1:13  Spawning Pool  
  17  1:17  Drone  
  17  1:20  Drone  
  18  1:28  Drone  
  19  1:40  Drone  
  20  1:51  Overlord  
  20  1:59  Queen  
  22  2:03  Queen  
  22  2:04  Drone x2  
  22  2:08  Metabolic Boost  
  26  2:11  Drone  
  26  2:15  Drone  
  28  2:22  Drone  
  29  2:25  Drone  
  30  2:33  Zergling x2  
  30  2:36  Zergling x2  
  32  2:45  Zergling x2  
  32  2:47  Hatchery  
  32  2:51  Zergling x2  
  32  2:53  Baneling Nest  
  32  2:55  Drone  
  33  2:59  Overlord  
  33  3:04  Drone  
  34  3:07  Drone  
  34  3:08  Drone  
  36  3:18  Drone x4  
  36  3:19  Drone  
  41  3:21  Drone  
  42  3:29  Drone x2  
  44  3:39  Overlord  
  44  3:47  Lair  
  44  3:50  Baneling x2, Overlord  
  44  3:56  Overlord  
  44  3:57  Queen  
  44  4:00  Extractor, Zergling x2  
  44  4:01  Zergling x8  
  44  4:02  Zergling x4  
  52  4:06  Zergling x2  
  52  4:09  Queen  
  53  4:12  Zergling x2  
  53  4:14  Zergling x2  
  57  4:17  Zergling x2  
  57  4:21  Baneling x2  
  57  4:22  Zergling x2  
  57  4:23  Zergling x4  
  61  4:24  Zergling x2  
  61  4:25  Zergling x2  
  61  4:27  Baneling x2  
  61  4:28  Zergling x2  
  61  4:30  Zergling x2  
  62  4:33  Zergling x2  
  59  4:39  Zergling x2  
  59  4:40  Zergling x6  
  59  4:44  Zergling x2  
  62  4:45  Zergling x2  
  62  4:51  Zergling x4  
  62  4:52  Zergling x4  
  66  4:54  Zergling x2  
  66  4:56  Baneling x2  
  66  4:58  Zergling x2  
  68  5:02  Zergling x2  
  68  5:05  Zergling x2  
  70  5:07  Baneling x2  
  70  5:11  Zergling x2  
  71  5:15  Zergling x2  
  71  5:16  Zergling x4  
  58  5:30  Zergling x12  
  64  5:38  Zergling x2  
  64  5:40  Zergling x2  
  64  5:42  Zergling x8  
  63  5:43  Zergling x2  
  63  5:45  Zergling x4  
  63  5:47  Zergling x2  
  67  5:52  Zergling x2  
  67  5:54  Hatchery  
  63  6:05  Spire  
  63  6:08  Baneling x2, Zergling x2  
  63  6:09  Zergling x2  
  63  6:13  Zergling x6  
  63  6:14  Zergling x2  
  67  6:21  Zergling x2  
  67  6:23  Zergling x2  
  67  6:25  Zergling x2  
  67  6:27  Baneling x2  
  68  6:38  Overlord  
  68  6:39  Overlord  
  66  6:47  Hatchery  
  65  6:54  Drone x3  
  65  6:57  Extractor, Drone x5  
  65  6:59  Extractor, Drone  
  71  7:08  Overlord  
  71  7:11  Baneling x3  
  71  7:17  Mutalisk  
  71  7:21  Mutalisk x2  
  77  7:25  Mutalisk  
  77  7:35  Mutalisk  
  78  7:37  Zergling x10  
  78  7:40  Zergling x2  
  83  7:50  Zergling x2  
  83  7:51  Zergling x2  
  81  7:58  Mutalisk  
  83  8:07  Overlord  
  83  8:08  Mutalisk  
  83  8:09  Overlord  
  83  8:11  Drone  
  83  8:12  Drone  
  87  8:20  Mutalisk  
  87  8:26  Mutalisk  
  83  8:36  Mutalisk  
  82  8:43  Drone x10  
  82  8:45  Extractor  
  82  8:46  Extractor  
  89  8:48  Mutalisk  
  89  8:55  Mutalisk  
  91  8:56  Hatchery  
  91  9:08  Baneling x3  
  91  9:13  Zerg Flyer Weapons Level 1, Drone x2  
  91  9:14  Drone x2  
  95  9:18  Drone x3  
  95  9:20  Mutalisk  
  100  9:26  Zergling x4  
  100  9:30  Zergling x4  
  102  9:40  Overlord  
  102  9:41  Evolution Chamber  
  101  9:47  Mutalisk x2  
  101  9:48  Mutalisk  
  101  9:50  Mutalisk  
  109  9:53  Mutalisk  
  109  9:58  Mutalisk  
  111  10:04  Zergling x2  
  111  10:05  Zergling x10  
  110  10:15  Mutalisk  
  110  10:17  Mutalisk  
  110  10:20  Zerg Melee Weapons Level 1  
  110  10:25  Drone  
  110  10:26  Drone x10  
  121  10:38  Mutalisk  
  121  10:40  Extractor  
  121  10:41  Extractor, Drone x2, Overlord x2  
  123  10:50  Mutalisk x2  
  123  10:52  Overlord  
  127  11:02  Mutalisk x2  
  127  11:03  Mutalisk  
  127  11:10  Zerg Flyer Weapons Level 2  
  127  11:14  Drone x2  
  127  11:18  Zergling x8  
  133  11:28  Hatchery  
  125  11:42  Mutalisk x6  
  125  11:43  Zergling x2  
  125  11:44  Zergling x12  
  138  11:54  Mutalisk x3  
  138  11:56  Zergling x6  
  139  12:08  Infestation Pit, Zergling x2  
  139  12:09  Zergling x14  
  146  12:17  Overseer x3, Mutalisk  
  146  12:20  Mutalisk  
  143  12:24  Mutalisk  
  143  12:26  Mutalisk  
  147  12:31  Mutalisk  
  149  12:42  Zergling x14  
  149  12:44  Zergling x2  
  153  12:45  Zergling x2  
  153  12:50  Pneumatized Carapace  
  150  12:51  Drone  
  150  12:52  Drone  
  150  12:57  Drone  
  153  12:59  Zerg Melee Weapons Level 2  
  153  13:00  Overseer  
  154  13:05  Drone  
  151  13:14  Drone x3  
  151  13:18  Drone x2  
  156  13:20  Drone x2  
  156  13:21  Overlord  
  156  13:23  Overseer  
  156  13:24  Overlord  
  158  13:27  Baneling x4  
  158  13:28  Overlord  
  158  13:32  Centrifical Hooks  
  158  13:39  Overlord  
  158  13:43  Drone  
  158  13:44  Drone  
  158  13:45  Drone x2  
  160  13:53  Drone  
  160  13:59  Baneling x5  
  160  14:01  Hive  
  160  14:03  Zerg Flyer Armor Level 1  
  160  14:05  Drone  
  160  14:07  Zergling x14  
  166  14:22  Zergling x2  
  166  14:23  Zergling x10  
  171  14:29  Zergling x10  
  170  14:51  Zergling x12  
  172  14:52  Overlord  
  165  15:07  Drone  
  165  15:08  Spine Crawler, Drone x3  
  165  15:10  Drone x2, Spine Crawler  
  165  15:12  Spine Crawler  
  168  15:14  Spine Crawler  
  168  15:15  Drone  
  168  15:16  Adrenal Glands  
  168  15:18  Zerg Melee Weapons Level 3  
  168  15:21  Baneling x10  
  168  15:23  Zergling x16  
  176  15:28  Drone  
  176  15:35  Baneling x11  
  170  15:41  Zergling x6  
  170  15:42  Zergling x8  
  174  15:43  Zergling x2  
  174  15:47  Zergling x2  
  174  15:48  Zergling x4  
  177  15:54  Zergling x6  
  175  16:00  Overseer  
  173  16:17  Zergling x14  
  168  16:27  Zergling x4  
  168  16:32  Zergling x2  
  151  16:33  Zergling x12  
  151  16:36  Zergling x2  
  129  16:56  Zergling x28  
  143  17:03  Zergling x2  
  141  17:08  Zergling x2  
  141  17:09  Zergling x4  
  141  17:14  Zergling x2  
  139  17:18  Zergling x6  
  139  17:21  Zergling x6  
  123  17:36  Zergling x2  
  108  17:37  Zergling x2  
  108  17:39  Zergling x2  
  108  17:40  Zergling x2  
  108  17:41  Zergling x4  
  75  17:51  Zergling x4  
  75  17:52  Zergling x2  
  64  17:59  Extractor  
Tags
 
Add a new tag
Caveats
  • Supply blocks, unpowered buildings, or Contaminate may cause inaccurate times.
  • Supply counts are checked every 10 seconds.